[Event "*** Titled Tuesday Blitz"]
[Site "Chess.com"]
[Date "2020.04.07"]
[Round "3"]
[White "yarosavich"]
[Black "LiderChessAcademy"]
[Result "1-0"]
[WhiteElo "2727"]
[BlackElo "2446"]
[TimeControl "180+1"]
[EndTime "13:30:56 PDT"]
[Termination "yarosavich won by resignation"]

1. d4 Nf6 2. c4 g6 3. Nc3 d5 4.
cxd5 Nxd5 5. Bd2 Bg7 6. e4 Nxc3 7. Bxc3 c5 8. d5 Bxc3+ 9. bxc3 O-O 10. Qd2 Qd6 11.
Nf3 Bg4 12. Be2 Nd7 13. O-O e6 14. Rfe1 exd5 15. exd5 Rfe8 16. c4 Re7 17. Rab1 Nb6 18. Rec1 Rae8 19. Bd1 Re4 20. h3 Bxf3 21. Bxf3 Rxc4 22.
Qa5 Rxc1+ 23. Rxc1 Nxd5 24. Qd2 Rd8 25. Rd1 c4 26. Bxd5 Kg7 27. Qd4+ Qf6 28. Qxc4 b6 29. Qe2 Rd6 30. Bb3 Rc6 31. Qd2 Rc7 32. Qd4 h5 33.
Qxf6+ Kxf6 34. h4 b5 35. g3 a5 36. Rd3 a4 37. Rf3+ Kg7 38. Bd5 b4 39. Rf4 b3 40.
axb3 a3 41. Ra4 Rd7 42. Bc4 Rd1+ 43. Kg2 Ra1 44. b4 Rc1 45. Bd5 Rd1 46. Bb3 Rb1 47. Rxa3 Kf6 48. b5 Ke7 49. b6 Kd6 50. b7 Kc7 51.
Bd5 Kb8 52. Bf3 Kc7 53. Ra8 1-0

[Event "*** Titled Tuesday Blitz"]
[Site "Chess.com"]
[Date "2020.04.07"]
[Round "3"]
[White "THORK"]
[Black "wnstop"]
[Result "1-0"]
[WhiteElo "2337"]
[BlackElo "2578"]
[TimeControl "180+1"]
[EndTime "13:30:56 PDT"]
[Termination "THORK won on time"]

1. d4 Nf6 2. Bg5 d5 3. Nd2 c5 4.
e3 Qb6 5. dxc5 Qxb2 6. Ngf3 Ne4 7. Nxe4 dxe4 8. Nd2 Bg4 9. Qb1 Qxb1+ 10. Rxb1 f6 11. Bh4 Nd7 12. Nxe4 Rb8 13. Bd3 e5 14. Nd6+ Bxd6 15.
cxd6 Kf7 16. h3 Be6 17. f4 exf4 18. exf4 Bxa2 19. Ra1 Bd5 20. O-O a6 21. c4 Bc6 22.
Bf2 Rhe8 23. Bd4 Be4 24. Be2 Bxg2 25. Bg4 Bc6 26. Rad1 g6 27. f5 Re4 28. fxg6+ hxg6 29. Bxd7 Bxd7 30. Rxf6+ Ke8 31. Rxg6 Be6 32. c5 Kd7 33.
Rg7+ Kc6 34. Rc7+ Kb5 35. Rg7 Rg8 36. Rxg8 Bxg8 37. d7 Bb3 38. Rd2 Re1+ 39. Kf2 Re7 40. d8=Q Rf7+ 41. Kg3 Ka4 42. Qe8+ Kb4 43. c6 bxc6 44.
Qxc6 a5 45. Qc5+ Ka4 46. Bb2 Be6 47. Qa3+ Kb5 48. Qd3+ Bc4 49. Qe4 Rc7 50. Be5 Rc5 51. Bd6 Rg5+ 52. Kh4 Rg8 53. Rb2+ 1-0

[Event "*** Titled Tuesday Blitz"]
[Site "Chess.com"]
[Date "2020.04.07"]
[Round "3"]
[White "stefan_95"]
[Black "saisree"]
[Result "1-0"]
[WhiteElo "2630"]
[BlackElo "2339"]
[TimeControl "180+1"]
[EndTime "13:30:56 PDT"]
[Termination "stefan_95 won by resignation"]

1. d4 d5 2. Bf4 Nf6 3. e3 e6 4.
Nf3 Bd6 5. Bg3 O-O 6. Bd3 c5 7. c3 Nc6 8. Nbd2 b6 9. Qe2 Bb7 10. Rd1 Qe7 11. dxc5 Bxc5 12. e4 dxe4 13. Nxe4 Nxe4 14.
Qxe4 f5 15. Qe2 Rae8 16. Bc4 Kh8 17. O-O e5 18. Rfe1 e4 19. Nd4 f4 20. Ne6 fxg3 21.
hxg3 Rxf2 22. Qxe4 Re2+ 23. Nxc5 Rxe4 24. Nxe4 g6 25.
Re2 Ne5 26. Nd6 Rd8 27. Nf7+ Nxf7 28. Rxe7 Rxd1+ 29. Kh2 Nd6 30. Rd7 Rd2 31. Bb3 Rxg2+ 32. Kh3 Rd2 33. g4 a5 34. Be6 Bg2+ 35. Kg3 Ne4+ 36.
Kf4 Rxd7 37. Bxd7 Nc5 38. Bb5 Bd5 39. a3 Kg7 40. b4 axb4 41. cxb4 Nb3 42. Ke5 Bf7 43. g5 h6 44. gxh6+ Kxh6 45. Kf6 Bd5 46. Ke5 Bg8 47. a4 Kh5 48. Be2+ Kh4 49. Bd1 Nd2 50. Kd4 g5 51. a5 bxa5 52. bxa5 Nc4 53. a6 Nb6 54.
Kc5 Nc8 55. Ba4 g4 56. Bd7 g3 57. Bc6 Na7 58. Bb7 Be6 59. Kb6 Nc8+ 60. Kc7 Ne7 61.
a7 Nf5 62. a8=Q 1-0

[Event "*** Titled Tuesday Blitz"]
[Site "Chess.com"]
[Date "2020.04.07"]
[Round "3"]
[White "Gentlejimmy7"]
[Black "Sunnika"]
[Result "1-0"]
[WhiteElo "2606"]
[BlackElo "2358"]
[TimeControl "180+1"]
[EndTime "13:30:57 PDT"]
[Termination "Gentlejimmy7 won on time"]

1. d4 Nf6 2. g3 d5 3. Bg2 c6 4. Nf3 Bf5 5. c4 e6 6. Qb3 Qb6 7. c5 Qc7 8. Bf4 Qc8 9. Nc3 h6 10.
h3 Ne4 11. O-O Nd7 12. a4 Be7 13. a5 a6 14. g4 Bh7 15. Na4 O-O 16. Rfd1 Re8 17.
Ne5 Nxe5 18. Nb6 Qd8 19. Bxe5 Ra7 20. Ra4 Bh4 21. f3 Nf6 22. Rb4 Nd7 23. Bd6 Nxb6 24.
Rxb6 Qd7 25. Ra1 Bf6 26. Qc3 Raa8 27. Ra3 Bd8 28. Rb4 Be7 29. Rab3 Ra7 30. Bg3 Bd8 31. Ra3 Bg6 32. Qb3 f6 33. Bb8 Ra8 34. Rxb7 Qc8 35.
Bd6 e5 36. dxe5 fxe5 37. e4 Bf7 38. Qb4 d4 39. Rd3 Bf6 40. Bf1 Qe6 41. Rd2 Rac8 42. Rc2 h5 43. Bc4 d3 44. Bxe6 Bxe6 45. Rd2 Bg5 46.
Rxd3 hxg4 47. hxg4 Bf4 48. Kg2 Kh7 49. Rd1 Kg6 50.
Rh1 Rh8 51. Qe1 Bc4 52. Rxh8 Rxh8 53. Qh1 Rxh1 54. Kxh1 1-0

[Event "*** Titled Tuesday Blitz"]
[Site "Chess.com"]
[Date "2020.04.07"]
[Round "3"]
[White "RojonR"]
[Black "Olga_Zhuravleva"]
[Result "0-1"]
[WhiteElo "2390"]
[BlackElo "2232"]
[TimeControl "180+1"]
[EndTime "13:30:57 PDT"]
[Termination "Olga_Zhuravleva won on time"]

1. e4 e5 2. Nf3 Nc6 3. Bb5 f5 4. Qe2 Nf6 5. exf5 e4 6. d3 Qe7 7. dxe4 Nxe4 8. O-O d5 9. Nd4 Bd7 10. Bxc6 bxc6 11. Bf4 Qf6 12. c3 Bd6 13. Bxd6 cxd6 14. Nd2 O-O 15. Nxe4 dxe4 16. Qxe4 d5 17. Qf3 Rab8 18.
b4 Bxf5 19. Nxf5 Qxf5 20. Qxf5 Rxf5 21. Rae1 Rf7 22. Re6 Rc7 23. a4 Kf7 24. Rfe1 a6 25. g3 a5 26. bxa5 Ra8 27. c4 Rxa5 28. cxd5 cxd5 29.
Rd6 Rcc5 30. Rd1 Ke7 31. Rb6 Rxa4 32. Rb7+ Kf6 33. Rd3 Ra6 34. Kg2 Kg6 35. Rd7 Rf6 36. R7xd5 Rc2 37. Rd2 Rc4 38. f4 Rc3 39. R5d3 Rxd3 40.
Rxd3 h6 41. Kf3 Re6 42. h4 h5 43. Rd5 Kh6 44. g4 hxg4+ 45. Kxg4 Re1 46. Rh5+ Kg6 47.
Rg5+ Kf7 48. Rb5 Rg1+ 49. Kf5 Rh1 50. Rb7+ Kg8 51. Kg6 Rg1+ 52. Kh5 Kh7 53. f5 Kg8 54. Rb6 Kh7 55. Rb7 Kg8 56. Rb6 Kh7 57. Rg6 Rf1 58. Rg5 Rf2 59. Kg4 Rg2+ 60. Kf4 Rf2+ 61. Ke5 Rh2 0-1

[Event "*** Titled Tuesday Blitz"]
[Site "Chess.com"]
[Date "2020.04.07"]
[Round "3"]
[White "LyonBeast"]
[Black "MarcoRiehle"]
[Result "1/2-1/2"]
[WhiteElo "2992"]
[BlackElo "2701"]
[TimeControl "180+1"]
[EndTime "13:30:58 PDT"]
[Termination "Game drawn by repetition"]

1. Nf3 Nf6 2. c4 c5 3. g3 d5 4. cxd5 Nxd5 5. Bg2 Nc6 6. d4 e6 7. O-O Be7 8. e4 Nc7 9. Be3 cxd4 10. Nxd4 Nxd4 11.
Bxd4 O-O 12. Nc3 Bd7 13. Qb3 Bc6 14. Rfd1 Qc8 15. Qc4 Rd8 16. Be5 a6 17. Qe2 Ne8 18.
h4 Bf6 19. Bf4 Bxc3 20. bxc3 Rxd1+ 21. Rxd1 Bb5 22. Qe3 Qc4 23. h5 h6 24. Rd2 Nf6 25.
Bf3 Rc8 26. Be5 Nd7 27. Be2 Qc6 28. Rd6 Qc7 29. Bxg7 Kxg7 30. Qd2 Qxc3 31. Qxc3+ Rxc3 32. Bxb5 Nf6 33. Bf1 Nxe4 34. Rd7 Rc1 35. Kg2 b5 36. Be2 Rc2 37. Kf3 Ng5+ 38. Ke3 Rxa2 39. f4 Nh3 40. Ra7 Ra3+ 41. Bd3 Nf2 42. Kxf2 Rxd3 43. Rxa6 b4 44. Rb6 b3 45. g4 Rc3 46. Ke2 Rc2+ 47. Kf3 b2 48. g5 Kh7 49. Rb7 hxg5 50. fxg5 Kg8 51. Kf4 Rg2 52. Rb8+ Kg7 53. Rb7 Kg8 54. Rb8+ Kg7 55.
Rb7 Kg8 1/2-1/2

[Event "*** Titled Tuesday Blitz"]
[Site "Chess.com"]
[Date "2020.04.07"]
[Round "3"]
[White "Lord_Neezy"]
[Black "ADODOVE"]
[Result "1-0"]
[WhiteElo "2315"]
[BlackElo "1778"]
[TimeControl "180+1"]
[EndTime "13:30:59 PDT"]
[Termination "Lord_Neezy won by checkmate"]

1. e4 e5 2. Nc3 Nc6 3. Bc4 Nf6 4. d3 Bb4 5. Ne2 d5 6. exd5 Nxd5 7. O-O Nxc3 8.
Nxc3 O-O 9. Be3 Kh8 10. f4 exf4 11. Rxf4 Bd6 12. Rxf7 Rxf7 13. Bxf7 Qe7 14. Qd2 Qxf7 15. Rf1 Qh5 16. Bf4 Be6 17. Bxd6 cxd6 18. Qf4 Ne5 19. Ne4 Qg4 20. Nxd6 Qxf4 21. Rxf4 h6 22. Re4 Rd8 23. Nxb7 Rd7 24. Nc5 Rd8 25. Nxe6 Rb8 26. Rxe5 Rxb2 27. Rc5 h5 28. a4 Kh7 29. Rxh5+ Kg6 30. Rc5 Rb1+ 31.
Kf2 Rc1 32. Nf4+ Kf6 33. Ne2 Ra1 34. Ra5 Ra2 35. c4 g5 36. Rxa7 g4 37. h3 gxh3 38. gxh3 Ra3 39. Ke3 Ra1 40. h4 Rh1 41. Ra6+ Ke7 42.
Ra7+ Kd6 43. a5 Rxh4 44. Kd2 Rh3 45. Nd4 Rh8 46. Kc3 Kc5 47. Rc7+ Kd6 48. Rc6+ Kd7 49. Rc5 Ra8 50. Kb4 Rb8+ 51. Nb5 Ra8 52. d4 Ke7 53. d5 Kd7 54. Rc6 Ke7 55. a6 Kd7 56.
a7 Ke7 57. Ka5 Kd7 58. Ka6 Kd8 59. Kb7 Kd7 60. Kxa8 Kd8 61. Kb7 Kd7 62. a8=Q Ke7 63. Qa7 Kf7 64. Kb6+ Kg8 65. Rc8# 1-0

[Event "*** Titled Tuesday Blitz"]
[Site "Chess.com"]
[Date "2020.04.07"]
[Round "3"]
[White "Yanidze"]
[Black "Sadikhov_Ulvi"]
[Result "0-1"]
[WhiteElo "2438"]
[BlackElo "2713"]
[TimeControl "180+1"]
[EndTime "13:31:00 PDT"]
[Termination "Sadikhov_Ulvi won by resignation"]

1. d4 Nf6 2. c4 g6 3. Nc3 Bg7 4. Nf3 d6 5. e4 Bg4 6. Be2 Nfd7 7. Be3 O-O 8. Nd2 Bxe2 9. Qxe2 Nc6 10. d5 Nd4 11. Qd1 c5 12. Nb3 Nxb3 13. Qxb3 a6 14. O-O Qc7 15. a4 Rab8 16. Rad1 Ne5 17. h3 Qa5 18. f4 Nd7 19. Bd2 Qb4 20. Qa2 Nb6 21. Rf3 Nxc4 22. Be1 Nb6 23. a5 Nd7 24. Kh2 b6 25.
Na4 Qxe4 26. axb6 Nxb6 27. Nc3 Qf5 28. Qxa6 Qd7 29. Qe2 Rfe8 30. Bh4 Na4 31. Nxa4 Qxa4 32. f5 Rxb2 33. Qe1 Be5+ 34. Bg3 Qc2 35. Rf2 Qxf2 36. Qxf2 Rxf2 37. Bxe5 dxe5 38. fxg6 hxg6 39. Rc1 Rd2 40. Rxc5 Rd8 41. Rc7 R2xd5 42. Rxe7 Kf8 43. Ra7 Re8 44. Ra3 e4 45. Re3 Rd3 46. Re2 e3 47. Kg3 Rd2 48. Re1 e2 49. Kf2 Rd1 50. Rxe2 Rxe2+ 51. Kxe2 Ra1 52. Kf2 Ra2+ 53. Kg3 Kg7 54. Kh4 Kf6 55. g3 Ra3 56. Kg4 Ra4+ 57. Kf3 Kf5 58. g4+ Kg5 59. Kg3 Ra3+ 60. Kg2 Kh4 0-1

[Event "*** Titled Tuesday Blitz"]
[Site "Chess.com"]
[Date "2020.04.07"]
[Round "3"]
[White "SONOFHOLYGOD"]
[Black "nomessi"]
[Result "0-1"]
[WhiteElo "2568"]
[BlackElo "2326"]
[TimeControl "180+1"]
[EndTime "13:31:01 PDT"]
[Termination "nomessi won by resignation"]

1. d4 d5 2. Nf3 c5 3. Bf4 e6 4. Nc3 Nc6 5. e3 a6 6. Be2 Nf6 7. O-O Bd6 8. Bg3 O-O 9. Ne5 Bxe5 10. dxe5 Nd7 11. f4 f6 12. exf6 Nxf6 13. Kh1 Qe7 14.
Bh4 b5 15. e4 d4 16. e5 dxc3 17. exf6 gxf6 18. bxc3 Bb7 19. a4 c4 20. Rb1 Qc5 21.
Qe1 Rae8 22. Bf2 Qf5 23. Bxc4 Kh8 24. axb5 axb5 25. Rxb5 Qxf4 26. Rxb7 Qxc4 27. Bh4 f5 28. Bg5 e5 29. Rf3 Rf7 30. Rxf7 Qxf7 31. Qe4 Ra8 32. h3 fxe4 33. Rxf7 Kg8 34. Rf6 Na5 35. Bh6 Nc4 36. h4 e3 37. Rf1 e2 38. Re1 Ra6 39. Bg5 Ra3 40. Rxe2 Rxc3 41. Bh6 Kf7 42. Rf2+ Ke6 43. Kh2 e4 44. Bg5 e3 45. Rf6+ Ke5 46. Rh6 Kf5 47.
Rxh7 e2 48. Re7 Ne3 49. Kh3 e1=Q 50. g4+ Kg6 51. Re6+ Kf7 52. Re7+ Kf8 53. Rxe3 Rxe3+ 54. Bxe3 Qxe3+ 55. Kg2 Kf7 56. h5 Kf6 57. Kh2 Kg5 58. Kg2 Kxg4 59. Kh2 Qe2+ 0-1

[Event "*** Titled Tuesday Blitz"]
[Site "Chess.com"]
[Date "2020.04.07"]
[Round "3"]
[White "kleinebeer98"]
[Black "Micki-taryan"]
[Result "0-1"]
[WhiteElo "2714"]
[BlackElo "3069"]
[TimeControl "180+1"]
[EndTime "13:31:02 PDT"]
[Termination "Micki-taryan won on time"]

1. e4 e5 2. Nf3 Nc6 3. Nc3 Nf6 4. Bb5 Bb4 5. O-O O-O 6. d3 Bxc3 7. bxc3 d6 8. Bxc6 bxc6 9. c4 c5 10. Ne1 Nd7 11. f4 exf4 12. Bxf4 f5 13. exf5 Rxf5 14. Bg3 Rxf1+ 15. Kxf1 Bb7 16. Rb1 Qf6+ 17. Kg1 Rf8 18.
Nf3 Bc6 19. Qe2 h6 20. Rf1 Qb2 21. Be1 Nf6 22. Nh4 Qd4+ 23. Bf2 Qg4 24. Qxg4 Nxg4 25. Ng6 Re8 26. Bh4 Ba4 27. Ne7+ Kh7 28. c3 Bc2 29. d4 Bd3 30. Rf4 Nf6 31. Bxf6 gxf6 32. Nd5 Re1+ 33. Kf2 Rf1+ 34. Ke3 Rxf4 35. Kxf4 Bxc4 36. Nxf6+ Kg6 37.
Ne8 Bxa2 38. Nxc7 cxd4 39. cxd4 Bc4 40. d5 a5 41. Ke4 a4 42. Kd4 a3 43. Kc3 Kf5 44.
Ne8 Ke5 45. g4 Bxd5 46. h4 Be6 47. g5 h5 48. Ng7 Bf7 49. Kc2 Kf4 50. Kc3 Kg4 51.
Kc2 Kxh4 52. Nf5+ Kxg5 53. Nxd6 Bg6+ 54. Kb3 h4 55. Nb5 h3 56. Nd4 Kg4 0-1

[Event "*** Titled Tuesday Blitz"]
[Site "Chess.com"]
[Date "2020.04.07"]
[Round "3"]
[White "stolencandy13"]
[Black "Alonmindlin"]
[Result "1/2-1/2"]
[WhiteElo "2428"]
[BlackElo "2665"]
[TimeControl "180+1"]
[EndTime "13:31:04 PDT"]
[Termination "Game drawn - insufficient material"]

1. e4 e5 2. Nf3 Nc6 3. Nc3 Nf6 4. d4 exd4 5. Nxd4 Bb4 6. Nxc6 bxc6 7. Bd3 d5 8. exd5 O-O 9. O-O cxd5 10. h3 c6 11. Qf3 Be7 12. Bf4 Be6 13. Ne2 Bd6 14. Rad1 Rb8 15. b3 Rb4 16. c4 Rb7 17. Bb1 h6 18.
Nd4 Rc7 19. Rfe1 Re8 20. c5 Bxf4 21. Qxf4 Qc8 22. Re3 Rce7 23. Rde1 Qd7 24. b4 Kf8 25. a4 Qb7 26. b5 cxb5 27. axb5 a6 28. c6 Qb6 29. bxa6 Qxa6 30. Qd6 Kg8 31. Nf5 Ra7 32. Nd4 Rae7 33. Bf5 Ne4 34. Bxe4 dxe4 35. Rxe4 Qd3 36. Nf5 Qxd6 37. Nxd6 Rd8 38. Nb7 Rc8 39. f4 Rxc6 40. f5 Rxb7 41. fxe6 fxe6 42. Rxe6 Rc2 43. R6e2 Rbb2 44. Rxc2 Rxc2 45. Kh2 Kh7 46. Re6 h5 47. Rd6 g6 48. Kg3 Kh6 49. h4 Rc4 50. Kh3 Rf4 51. Ra6 Kg7 52. Rb6 Re4 53. Ra6 Re3+ 54. g3 Kf7 55.
Kg2 Re6 56. Ra7+ Kf6 57. Kf3 Rb6 58. Ra8 Rb3+ 59. Kf4 Rb4+ 60. Kf3 Rb3+ 61. Kf4 Rb4+ 62. Kf3 Rb6 63. Ra7 g5 64. hxg5+ Kxg5 65. Ra5+ Kg6 66.
Kg2 Rb3 67. Kh2 Rf3 68. Kh3 Rf1 69. Ra6+ Kg5 70. Ra5+ Rf5 71. Rxf5+ Kxf5 72. Kh4 Kg6 73. g4 hxg4 74. Kxg4 1/2-1/2

[Event "*** Titled Tuesday Blitz"]
[Site "Chess.com"]
[Date "2020.04.07"]
[Round "3"]
[White "ahappypawn"]
[Black "ferdipy"]
[Result "0-1"]
[WhiteElo "2349"]
[BlackElo "2166"]
[TimeControl "180+1"]
[EndTime "13:31:04 PDT"]
[Termination "ferdipy won on time"]

1. c4 e5 2. Nc3 Nc6 3. g3 g6 4.
Bg2 Bg7 5. e3 d6 6. Nge2 Be6 7. b3 Qd7 8. Nd5 O-O-O 9. Bb2 Bh3 10. Rg1 Bxg2 11. Rxg2 Nge7 12. Nec3 Qh3 13. Kf1 h5 14. b4 Nxd5 15. Nxd5 Rde8 16. a4 f5 17. b5 Ne7 18. a5 Qg4 19. d3 Nxd5 20. cxd5 Qb4 21.
Rb1 Qxa5 22. f3 h4 23. g4 h3 24. Rf2 fxg4 25. fxg4 Rhf8 26. Rxf8 Rxf8+ 27. Kg1 Qb6 28. Qe1 Rf4 29. Qe2 Bh6 30. Bd4 Rxd4 31. exd4 Qxd4+ 32. Kh1 Qxd5+ 33. Qe4 Qxe4+ 34. dxe4 c6 35. bxc6 bxc6 36. Rb3 d5 37. Rxh3 Bf4 38. exd5 cxd5 39. Kg2 e4 40. Kf1 d4 41. Rh8+ Kd7 42. Ra8 Bxh2 43. Rxa7+ Ke6 44. Ra6+ Kf7 45. Ke2 Bf4 46. Ra4 d3+ 47. Kd1 g5 48.
Rxe4 d2 49. Rd4 Ke6 50. Ke2 Ke5 51. Ra4 Kd5 52. Kd1 Kc5 53. Ke2 Kb5 54. Rd4 Kc5 55.
Rd8 Kc4 56. Kf3 Kc3 57. Ke2 Kc2 58. Rc8+ Kb3 59. Rd8 Kc2 60. Rc8+ Kb3 61. Kd1 Kb4 62. Rf8 Kc4 63. Rf5 Kd3 64. Rxf4 gxf4 0-1

[Event "*** Titled Tuesday Blitz"]
[Site "Chess.com"]
[Date "2020.04.07"]
[Round "3"]
[White "IMUltimateBeast"]
[Black "Shtembuliak"]
[Result "0-1"]
[WhiteElo "2628"]
[BlackElo "2861"]
[TimeControl "180+1"]
[EndTime "13:31:05 PDT"]
[Termination "Shtembuliak won by resignation"]

1. d4 g6 2. Bf4 Bg7 3. e3 d6 4. Nf3 Nd7 5. h3 e5 6. Bh2 Nh6 7. dxe5 dxe5 8. e4 O-O 9. Bc4 Qe7 10. O-O a5 11. a3 Kh8 12. Qe2 f5 13. exf5 gxf5 14.
Nc3 c6 15. Rfe1 e4 16. Qe3 Qf6 17. Nd2 Ne5 18. Be2 Be6 19. Bf4 Nhf7 20. Rad1 Ng6 21. Bh2 Ng5 22. f4 Nf7 23. Nb3 Bxb3 24. cxb3 Rfd8 25.
Kh1 Nd6 26. Bg1 Qh4 27. Bh2 Ne8 28. Bg3 Qe7 29. Bf2 Nf6 30. Bc4 b5 31. Bf1 Nd5 32.
Nxd5 cxd5 33. Qc5 Qxc5 34. Bxc5 Nxf4 35. Bxb5 Ne6 36. Be7 Bxb2 37. Bc6 d4 38. Bxa8 Rxa8 39. Bf6+ Kg8 40. Be5 Rd8 41. g4 Rd5 42. Bg3 Nc5 43. b4 axb4 44. axb4 Nd3 45. Re2 Bc3 46. gxf5 Nb2 47.
Rg1 e3 48. Be1+ Kf7 49. Bxc3 dxc3 50. Rxe3 Nd1 51. Rxc3 Nxc3 52. Rg3 Nb5 53. Kh2 Kf6 54.
Rg4 Rxf5 55. Kg3 h5 56. Rc4 Rg5+ 57. Kh4 Re5 58. Rc6+ Kf5 59. Rc5 Rxc5 60. bxc5 Kg6 61. Kg3 Kg5 62. h4+ Kf5 63. Kf3 Nd4+ 64. Ke3 Ne6 65. c6 Kg4 66. Ke4 Nc7 67. Ke5 Kxh4 68. Kd6 Na6 69. c7 Nxc7 0-1

[Event "*** Titled Tuesday Blitz"]
[Site "Chess.com"]
[Date "2020.04.07"]
[Round "3"]
[White "politeplayer"]
[Black "Dyadya81"]
[Result "1/2-1/2"]
[WhiteElo "2211"]
[BlackElo "2723"]
[TimeControl "180+1"]
[EndTime "13:31:05 PDT"]
[Termination "Game drawn by repetition"]

1. e4 c6 2. d4 d5 3. Nc3 dxe4 4.
Nxe4 Bf5 5. Ng3 Bg6 6. Bc4 e6 7. N1e2 Bd6 8. Nf4 Qh4 9. Qf3 Nf6 10. O-O Nbd7 11. Bxe6 fxe6 12. Nxe6 Ng4 13. Re1 Qxh2+ 14. Kf1 Bxg3 15. Qxg4 Qh1+ 16. Ke2 Qxg2 17. Qxg3 Qxg3 18. fxg3 Kf7 19. Ng5+ Kg8 20. Bf4 h6 21. Nf3 Bxc2 22. Kd2 Bf5 23. Re7 Nf6 24. Rae1 Nd5 25. Rxb7 Nxf4 26. gxf4 Kh7 27. Ree7 Rhg8 28. Nh4 Bg6 29.
f5 Bh5 30. f6 Raf8 31. Rxg7+ Rxg7 32. Rxg7+ Kh8 33. Ng6+ Bxg6 34. Rxg6 Kh7 35. Rg7+ Kh8 36. Rxa7 Rxf6 37. Re7 h5 38. a4 h4 39. Re4 Rh6 40. a5 h3 41. Re1 h2 42. Rh1 Kg7 43. b4 Kf7 44. Kc3 Ke6 45. Kc4 Kd6 46. a6 Rh7 47. a7 Rxa7 48. Rxh2 Ra1 49. Rh6+ Kc7 50. Rh7+ Kb6 51.
Rh6 Kc7 52. Rh7+ Kb6 53. Rh6 Kc7 1/2-1/2

[Event "*** Titled Tuesday Blitz"]
[Site "Chess.com"]
[Date "2020.04.07"]
[Round "3"]
[White "kai_nov"]
[Black "ajian"]
[Result "0-1"]
[WhiteElo "2193"]
[BlackElo "2393"]
[TimeControl "180+1"]
[EndTime "13:31:06 PDT"]
[Termination "ajian won by checkmate"]

1. d4 d5 2. c4 e6 3. Nc3 Nf6 4. cxd5 exd5 5. Bg5 c6 6. Qc2 Be7 7. e3 O-O 8. Bd3 Nbd7 9. Nf3 h6 10. Bf4 Nh5 11. O-O Nxf4 12. exf4 Bd6 13. g3 Nf6 14. Ne5 Re8 15. Rfe1 Bh3 16. Bf5 Bxf5 17. Qxf5 Qb6 18. Qd3 a5 19. Re2 Re7 20. Rae1 Rae8 21. Kg2 Qc7 22. h3 Nd7 23. Qf5 Nf8 24. h4 Ne6 25.
Qd3 b5 26. f5 Nxd4 27. Qxd4 Rxe5 28. Rxe5 Rxe5 29. Rxe5 Bxe5 30. Qg4 Bf6 31. Qe2 Qe5 32. Qd2 Qxf5 33. b3 d4 34. Ne2 c5 35. Nf4 c4 36.
bxc4 bxc4 37. Qe2 d3 38. Qe8+ Kh7 39. Qxf7 d2 40. Ne6 d1=Q 41. Nf8+ Kh8 42. Ng6+ Qxg6 43. Qxg6 Qd5+ 44. Kg1 c3 45. h5 Qd1+ 46. Kh2 Qe2 47. Kg1 c2 48. Kg2 c1=Q 49. Qf5 Qcf1+ 50. Kh2 Qexf2+ 51.
Qxf2 Qxf2+ 52. Kh3 Be5 53. Kg4 Qxg3+ 54. Kf5 Qf4+ 55.
Ke6 Qf6+ 56. Kd5 Qd6+ 57. Ke4 Bf6 58. a4 Qe5+ 59. Kf3 Qd4 60. Ke2 Kg8 61. Kf3 Kf7 62.
Kg3 Ke6 63. Kf3 Kf5 64. Kg3 Qe3+ 65. Kg2 Kg4 66. Kh1 Qe2 67. Kg1 Kg3 68. Kh1 Qf1# 0-1

[Event "*** Titled Tuesday Blitz"]
[Site "Chess.com"]
[Date "2020.04.07"]
[Round "3"]
[White "Paralinch"]
[Black "Zavgorodniy_Serg"]
[Result "0-1"]
[WhiteElo "2920"]
[BlackElo "2678"]
[TimeControl "180+1"]
[EndTime "13:31:08 PDT"]
[Termination "Zavgorodniy_Serg won by resignation"]

1. e4 e5 2. Nf3 d6 3. d4 exd4 4. Nxd4 Nf6 5. Nc3 Be7 6. g3 O-O 7. Bg2 Nc6 8. O-O Nxd4 9. Qxd4 Be6 10. Bf4 Nd7 11. Qd2 Bf6 12. Rad1 Re8 13. b3 Ne5 14. Nd5 Bxd5 15. Qxd5 Rb8 16. Bc1 a6 17. h3 Nc6 18.
a3 Ne7 19. Qd3 g6 20. f4 Qc8 21.
Kh2 Bg7 22. f5 Nc6 23. f6 Bf8 24. Bb2 Ne5 25. Qd5 Bh6 26. Rde1 Qd7 27. a4 c6 28. Qd1 Rbd8 29. h4 Ng4+ 30. Kh1 d5 31. e5 d4 32. e6 Rxe6 33. Qf3 Rxf6 34. Qe2 Rxf1+ 35. Qxf1 Ne3 36. Qf2 Nxg2 37. Kxg2 Be3 38. Qf3 Qd5 39. Qxd5 Rxd5 40. Kf3 f5 41. c3 c5 42. cxd4 Bxd4 43. Bxd4 Rxd4 44. Re7 Rb4 45. a5 Rxb3+ 46. Kf4 c4 47. Rc7 Rb5 48. Kg5 f4+ 49. Kxf4 Rxa5 50. Rxc4 Rb5 51.
Rc8+ Kg7 52. Rc7+ Kh6 53. g4 g5+ 54. hxg5+ Kg6 55. Rd7 Rb4+ 56. Kg3 Kxg5 57. Rg7+ Kh6 58. Rd7 Rb6 59. Kf4 a5 60. Rd5 Ra6 61. Rb5 a4 62. Rxb7 a3 63. Rb1 a2 64. Ra1 Kg6 65. Kg3 Kg5 66.
Kh3 Ra3+ 67. Kg2 Kxg4 68. Kf2 h5 69. Ke2 h4 70. Kd2 h3 71. Kc2 h2 72. Kb2 Ra8 73. Rh1 a1=Q+ 0-1

[Event "*** Titled Tuesday Blitz"]
[Site "Chess.com"]
[Date "2020.04.07"]
[Round "3"]
[White "ENEASZ"]
[Black "IMinTheWings"]
[Result "1/2-1/2"]
[WhiteElo "2514"]
[BlackElo "2201"]
[TimeControl "180+1"]
[EndTime "13:31:08 PDT"]
[Termination "Game drawn by repetition"]

1. e4 e6 2. d4 d5 3. Bd3 dxe4 4. Bxe4 Nf6 5. Bf3 c5 6. Ne2 cxd4 7. Qxd4 Qxd4 8. Nxd4 a6 9. Bf4 Nbd7 10. O-O h6 11. Nc3 g5 12. Bg3 Be7 13. Rad1 h5 14. h4 g4 15. Be2 b5 16. a3 Bb7 17. Rfe1 O-O-O 18. Nb3 Nd5 19. Ne4 f5 20. Nd6+ Bxd6 21.
Bxd6 N7b6 22. Be5 Rhe8 23. Na5 Ba8 24. c4 bxc4 25. Nxc4 Nxc4 26. Bxc4 Bb7 27. Rc1 Kd7 28.
Bb3 Rc8 29. Kf1 Nb6 30. Rcd1+ Bd5 31. Re3 Ke7 32. Bf4 Bxb3 33. Rxb3 Nd5 34. Rb7+ Kf6 35.
Bg5+ Kg6 36. Rd2 Rc6 37. Ke2 Rec8 38. f3 f4 39. Ra7 Rb6 40. Kd3 Rcb8 41. Ke4 Rxb2 42.
Rxb2 Rxb2 43. Rxa6 Re2+ 44. Kd4 Rxg2 45. Rxe6+ Kf7 46.
Rh6 Rd2+ 47. Ke4 gxf3 48. Kxf3 Rd3+ 49. Ke4 Rxa3 50. Rxh5 Ra5 51. Rh7+ Kg6 52. Rh8 Kg7 53. Rd8 Nc3+ 54. Kxf4 Ne2+ 55. Kf3 Ng1+ 56. Kf2 Nh3+ 57.
Kg3 Nxg5 58. hxg5 Rxg5+ 59. Kf4 Ra5 60. Kg4 Ra4+ 61. Kg3 Ra3+ 62. Kg4 Ra4+ 63. Kg3 Ra3+ 64. Kg4 Ra4+ 1/2-1/2

[Event "*** Titled Tuesday Blitz"]
[Site "Chess.com"]
[Date "2020.04.07"]
[Round "3"]
[White "BvsN"]
[Black "Superfelix"]
[Result "1-0"]
[WhiteElo "2303"]
[BlackElo "2487"]
[TimeControl "180+1"]
[EndTime "13:31:09 PDT"]
[Termination "BvsN won by resignation"]

1. d4 Nf6 2. c4 g6 3. Nc3 Bg7 4. e4 d6 5. Nge2 O-O 6. f3 Na6 7. Be3 e5 8. d5 Nc5 9. Qd2 a5 10. g4 h5 11. h3 Bd7 12. O-O-O a4 13. Bg5 a3 14. b3 c6 15. gxh5 cxd5 16. Nxd5 Be6 17.
h6 Bh8 18. h7+ Kxh7 19. h4 Bxd5 20. exd5 e4 21. h5 Nxb3+ 22. axb3 a2 23. hxg6+ Kg8 24. Rxh8+ Kxh8 25. Kb2 fxg6 26. Nf4 Qe8 27. Ne6 Rf7 28. Qd4 Qe7 29. fxe4 Kg8 30. Bd3 Ra6 31. Rf1 Nh5 32. Ra1 Qe8 33. Rxa2 Rxa2+ 34. Kxa2 Qa8+ 35. Kb2 Qa5 36. Be3 Qe1 37. Ng5 Re7 38. Nf3 Qh1 39. Nd2 Rf7 40.
Nb1 Qd1 41. Bc2 Qe2 42. Bd2 Qg2 43. Bc3 Rf2 44. Qh8+ Kf7 45. Qh7+ Ke8 46. Qg8+ Kd7 47. Qe6+ Kd8 48. Na3 Qg5 49. Qxd6+ Ke8 50. Qe6+ Kf8 51. Bb4+ Kg7 52. Bc3+ Kh7 53. Qd7+ Kg8 54. Qe8+ Kh7 55. Qd7+ Kg8 56. Qe8+ Rf8 57. Qe6+ Rf7 58. d6 Ng7 59. Qc8+ Kh7 60. d7 Qg4 61. d8=Q 1-0

[Event "*** Titled Tuesday Blitz"]
[Site "Chess.com"]
[Date "2020.04.07"]
[Round "3"]
[White "MaxLeto"]
[Black "kinga2008"]
[Result "1-0"]
[WhiteElo "2323"]
[BlackElo "1910"]
[TimeControl "180+1"]
[EndTime "13:31:09 PDT"]
[Termination "MaxLeto won on time"]

1. g4 c6 2. d4 d5 3. g5 e6 4.
h4 h6 5. Bg2 Be7 6. g6 f5 7.
Nf3 Nd7 8. c4 Ngf6 9. Bf4 Qb6 10. Qb3 dxc4 11. Qc2 Nd5 12. Be5 O-O 13. Nbd2 Nxe5 14.
dxe5 Rd8 15. O-O Nf4 16. Nxc4 Qc7 17. Rad1 Rxd1 18. Rxd1 Nxg6 19. Qd2 b5 20. Nd6 Ba6 21. h5 Nh4 22. Nxh4 Bxh4 23. Rc1 Qb6 24. e3 f4 25. exf4 Rf8 26. Rxc6 Qb8 27. Ne4 Bb7 28. Rxe6 Bxe4 29. Bxe4 Qc8 30. Rg6 Qc7 31. Qd5+ Qf7 32. Qxf7+ Kxf7 33. f5 Ke7 34. e6 Bf6 35. Kg2 Kd6 36. Rg3 Ke5 37. Bc2 Bh4 38. Re3+ Kf6 39. Kf3 Re8 40. Bd3 Bg5 41. Re2 a6 42. Rc2 Re7 43. Ke4 a5 44. Rc5 b4 45. Rxa5 Bc1 46. b3 Ba3 47. Ra6 Rc7 48.
Rd6 Ke7 49. Rd4 Rb7 50. Rc4 Bb2 51. f4 Bc3 52. Rc5 Kd6 53. Rc4 Ke7 54. a4 bxa3 55. Rxc3 a2 56. Rc1 Rxb3 57. Ra1 Rb2 58. Bc4 1-0